 Dungeon Crawl Stone Soup version 0.30.0-10-gfe55d96785 (webtiles) character file.

Game seed: 3831344449302352585

4129 Kenran the Carver (level 10, -7/136 HPs)
             Began as a Minotaur Gladiator on May 15, 2023.
             Was an Elder of Wu Jian.
             Mangled by a rakshasa (illusionary)
             ... wielding a +0 whip
              (15 damage)
             ... on level 2 of the Abyss.
             The game lasted 00:16:13 (8524 turns).

Kenran the Carver (Minotaur Gladiator)              Turns: 8524, Time: 00:16:13

Health: -7/136     AC: 29    Str: 16 (19) XL:     10   Next: 6%
Magic:  9/9        EV:  2    Int:  4 (5)  God:    Wu Jian [****..]
Gold:   1368       SH:  0    Dex: 13 (16) Spells: 9/9 levels left

rFire   + . .        l - +1 falchion (freeze)
rCold   . . .        (no shield)
rNeg    . . .        D - melded +2 chain mail {Will+}
rPois   +            c - melded +0 hat
rElec   .            (cloak currently unavailable)
rCorr   .            B - melded +2 pair of gloves
SInv    .            L - melded +1 pair of boots
Will    .....        (no amulet)
Stlth   +            F - ring of protection from fire
HPRegen 0.42/turn    p - +4 ring of protection
MPRegen 0.11/turn

%: no passive effects
@: mighty, brilliant, exhausted, tree-form, invisible
A: stationary, stasis, torment immunity, boosted hp, (horns 2), (retaliatory
headbutt)
a: Renounce Religion, Wall Jump, Serpent's Lash


You were on level 2 of the Abyss.
You worshipped Wu Jian.
Wu Jian was greatly pleased with you.
You were a tree.
You visited 1 branch of the dungeon, and saw 9 of its levels.
You visited the Abyss 1 time.

You collected 1517 gold pieces.
You spent 149 gold pieces at shops.

Inventory:

Hand Weapons
 l - a +1 falchion of freezing (weapon)
Missiles
 d - 5 throwing nets (quivered)
 e - 7 javelins
Armour
 c - a +0 hat (melded)
 B - a +2 pair of gloves (melded)
 D - a +2 chain mail of willpower (melded)
 L - a +1 pair of boots (melded)
Jewellery
 m - a ring of resist corrosion
 p - a +4 ring of protection (right branch)
 F - a ring of protection from fire (left branch)
Wands
 A - a wand of digging (3)
 G - a wand of flame (8)
 H - a wand of roots (15)
Scrolls
 k - 2 scrolls of teleportation
 o - 3 scrolls of torment {unknown}
 q - a scroll of fear
 s - 4 scrolls of fog
 u - 3 scrolls of brand weapon
 w - a scroll of enchant weapon
 x - a scroll of blinking
 y - 2 scrolls of poison {unknown}
 E - 2 scrolls of vulnerability {unknown}
 J - a scroll of silence {unknown}
 K - a scroll of noise {unknown}
Potions
 a - 2 potions of heal wounds {unknown}
 b - a potion of flight {unknown}
 f - 4 potions of degeneration {!q}
 g - a potion of haste {unknown}
 h - a potion of berserk rage {unknown}
 i - 2 potions of magic {unknown}
 j - a potion of attraction {unknown}
 r - 2 potions of lignification {!q}
 t - 3 potions of brilliance
 v - 3 potions of mutation {!q}
 z - a potion of might
 C - a potion of resistance
 I - a potion of invisibility


   Skills:
 + Level 9.5 Fighting
 - Level 12.0 Long Blades
 - Level 2.0 Throwing
 * Level 9.4 Armour
 - Level 3.2 Dodging


You had 9 spell levels left.
You didn't know any spells.
Your spell library contained the following spells:

 Spells                   Type           Power      Damage    Failure   Level
 Magic Dart               Conj           0%         1d3       50%         1
 Summon Small Mammal      Summ           0%         N/A       50%         1
 Call Imp                 Summ           0%         N/A       65%         2
 Cigotuvi's Dreadful Rot  Necr/Pois/Air  0%         N/A       65%         2
 Lesser Beckoning         Tloc           0%         N/A       65%         2
 Call Canine Familiar     Summ           0%         N/A       86%         3
 Gell's Gravitas          Tloc           0%         N/A       86%         3
 Ignite Poison            Fire/Tmut/Pois 0%         N/A       86%         3
 Mephitic Cloud           Conj/Pois/Air  0%         N/A       86%         3
 Summon Guardian Golem    Hex/Summ       0%         N/A       86%         3
 Teleport Other           Tloc           0%         N/A       86%         3
 Petrify                  Tmut/Erth      0%         N/A       99%         4
 Sticky Flame             Conj/Fire      0%         2d3       99%         4
 Dispersal                Tloc           0%         N/A       100%        6
 Ignition                 Fire           0%         3d3       100%        8


Dungeon Overview and Level Annotations

Branches:
Dungeon (9/15)             Temple (0/1) D:7
   Lair: D:8-11         Orc: D:9-12

Altars:
Cheibriados
Elyvilon
Qazlal
Wu Jian
Yredelemnul

Shops:
D:8 [

Annotations:
D:9 Erolcha


Innate Abilities, Weirdness & Mutations

You are a tree.
Your roots penetrate the ground, keeping you stationary.
You cannot be teleported.
You are immune to unholy pain and torment.
Your maximum health is greatly increased.
Your equipment is partially melded.
((You have a pair of horns on your head.))
((You reflexively headbutt those who attack you in melee.))


Message History

The flying skull is unaffected.
The rakshasa resists with almost no effort.
The hell knight looks frightened! x2
You hear a shout! x3
The flying skull hits you but does no damage.
The hell knight mumbles some strange prayers to its god.
The hell knight blinks!
The rakshasa hits you with a +0 whip!
* * * LOW HITPOINT WARNING * * *
The hell knight utters an invocation to its god.
The hell knight blinks!
The flying skull hits you!
* * * LOW HITPOINT WARNING * * *
The hell knight prays to its god.
The hell knight blinks!
You closely miss the rakshasa.
The rakshasa is severely wounded.
The flying skull hits you but does no damage.
The hell knight utters an invocation to its god.
The hell knight blinks!
The rakshasa hits you but does no damage.
Okay, then.
As you read the scroll labelled JOLAULIFAD, it crumbles to dust.
You feel a strange sense of stasis.
It was a scroll of teleportation.
The flying skull hits you.
* * * LOW HITPOINT WARNING * * *
The rakshasa completely misses you.
The flying skull hits you but does no damage.
It was a potion of might.
You feel very mighty all of a sudden.
The flying skull hits you but does no damage.
The rakshasa hits you but does no damage.
Okay, then.
Unknown command.
It was a potion of invisibility.
You fade into invisibility!
The flying skull hits you but does no damage.
A hell knight comes into view. It is wielding a +3 scimitar.
The rakshasa weaves an illusion.
The flying skull shimmers and seems to become two!
The rakshasa hits you with a +0 whip!
You die...

. #...
#.## ##
#. .#▓
###≣##. #
░ .. #
≣▓.##
#.▓.##
#.#.z#
###RzR###
▓..♣##. #
#...#..▓▓
#.##. #▓
░.§.z#.
≣p.▓ .░
≣. . # .
. ≣..≣


You could see 2 rakshasas, a hell knight (unable to see you) and 2 flying
skulls.

Vanquished Creatures
  A cyclops (D:7)
  Grinder (D:5)
  Menkaure (D:6)
  An acid dragon (D:8)
  2 water moccasins
  Duvessa (D:5)
  An orc warrior (D:6)
  2 black bears
  3 sky beasts
  An ogre (D:6)
  A small abomination (Abyss:2)
  A centaur (D:5)
  6 kobold brigands
  4 bullfrogs
  A scorpion (D:6)
  4 wights
  Dowan (D:5)
  4 killer bees (D:4)
  2 howler monkeys
  2 hounds
  A gnoll bouda (D:3)
  A jelly (D:8)
  3 orc priests
  5 iguanas
  A sleepcap (D:8)
  4 orc wizards
  10 adders
  20 gnolls
  A shadow imp (D:5)
  2 white imps
  An ufetubus (D:6)
  A worm (D:4)
  A dart slug (D:4)
  42 orcs
  7 ball pythons
  5 endoplasms
  2 giant cockroaches (D:1)
  7 hobgoblins
  20 jackals
  34 kobolds
  5 quokkas
  4 bats
  6 frilled lizards
  7 goblins
  5 rats
  A spectral orc (D:3)
236 creatures vanquished.

Notes
Turn   | Place    | Note
-------+----------+-------------------------------------------
     0 | D:1      | Kenran the Minotaur Gladiator began the quest for the Orb.
     0 | D:1      | Reached XP level 1. HP: 18/18 MP: 0/0
    10 | D:1      | Got the Omnibus of Crystalline Infection
    75 | D:1      | Reached skill level 4 in Long Blades
   145 | D:1      | Reached XP level 2. HP: 18/25 MP: 1/1
   523 | D:1      | Reached skill level 5 in Long Blades
   893 | D:2      | Reached XP level 3. HP: 19/30 MP: 2/2
  1428 | D:2      | Found a faded altar of an unknown god.
  1579 | D:2      | Prayed at the altar of an unknown god.
  1579 | D:2      | Became a worshipper of the Wu Jian Council
  1579 | D:2      | Reached * piety under Wu Jian
  1608 | D:3      | Reached XP level 4. HP: 37/37 MP: 3/3
  1610 | D:3      | Reached skill level 6 in Long Blades
  1665 | D:3      | Found a basalt altar of Yredelemnul.
  1768 | D:3      | Reached skill level 7 in Long Blades
  1768 | D:3      | Reached XP level 5. HP: 42/42 MP: 4/4
  1860 | D:3      | Reached ** piety under Wu Jian
  1982 | D:3      | Reached skill level 8 in Long Blades
  1982 | D:3      | Reached XP level 6. HP: 46/50 MP: 5/5
  2057 | D:3      | Reached skill level 9 in Long Blades
  2425 | D:3      | Reached XP level 7. HP: 49/56 MP: 6/6
  2716 | D:3      | Found a stormy altar of Qazlal.
  2741 | D:3      | Reached skill level 10 in Long Blades
  3071 | D:4      | Reached *** piety under Wu Jian
  3225 | D:4      | Reached skill level 5 in Fighting
  3394 | D:4      | Found a snail-covered altar of Cheibriados.
  3760 | D:5      | Entered Level 5 of the Dungeon
  3816 | D:5      | You fall into a shaft and drop 3 floors!
  4001 | D:8      | Identified a scroll of acquirement
  4003 | D:8      | Acquired 1001 gold pieces
  4163 | D:8      | Reached XP level 8. HP: 67/71 MP: 7/7
  4251 | D:6      | Reached skill level 1 in Armour
  4566 | D:6      | Reached **** piety under Wu Jian
  4621 | D:6      | Noticed Menkaure
  4638 | D:6      | Killed Menkaure
  4887 | D:6      | Reached skill level 11 in Long Blades
  4933 | D:6      | Reached skill level 5 in Armour
  4933 | D:6      | Reached XP level 9. HP: 57/81 MP: 8/8
  5390 | D:5      | Noticed Grinder
  5403 | D:5      | Killed Grinder
  5518 | D:5      | Noticed Duvessa
  5523 | D:5      | Noticed Dowan
  5531 | D:5      | Killed Duvessa
  5532 | D:5      | Reached skill level 12 in Long Blades
  5540 | D:5      | Killed Dowan
  6455 | D:7      | Found a white marble altar of Elyvilon.
  6809 | D:7      | Noticed a cyclops
  6826 | D:7      | Killed a cyclops
  7206 | D:7      | Found a staircase to the Ecumenical Temple.
  7585 | D:8      | Reached XP level 10. HP: 81/91 MP: 9/9
  7753 | D:8      | Found Taecraok's Armour Emporium.
  7761 | D:8      | Bought a +1 pair of boots for 149 gold pieces
  8414 | D:9      | Noticed Erolcha
  8417 | Abyss:2  | Cast into level 2 of the Abyss (Erolcha)
  8478 | Abyss:2  | Noticed a rakshasa
  8517 | Abyss:2  | Noticed a hell knight
  8517 | Abyss:2  | Noticed a hell knight
  8518 | Abyss:2  | Noticed a hell knight
  8524 | Abyss:2  | Noticed a hell knight
  8524 | Abyss:2  | Mangled by a rakshasa (illusionary)

Illustrated notes

Levels and vault maps discovered:
D:1:      kennysheep_arrival_seaside, layout_loops_cross
D:2:      layout_basic, hellmonk_ecumenical_altar_heavens_door
D:3:      lemuel_castle_with_subvaults [lemuel_castle_interior_carwin_3],
          layout_rooms, nicolae_qazlal_beasts_of_the_sky,
          yredelemnul_forgotten_temple_becter, serial_bayou,
          serial_bayou_pond_e, serial_bayou_lagoon_b, serial_bayou_crossing,
          serial_bayou_shore_b, kennysheep_nub
D:4:      layout_cave_pools, slow_altar_1
D:5:      layout_rooms, guppyfry_early_lair_pool, uniq_grinder, uniq_duvessa
D:6:      layout_loops_ring, uniq_menkaure
D:7:      layout_cave_pods, mainiacjoe_overflow_chevrons,
          minmay_temple_entry_proselytizer
D:8:      layout_layer_cave, serial_shops, nicolae_square_shop
D:9:      layout_loops_ring, grunt_dithmenos_shadows, dpeg_lair_monsters,
          david_orc_1_choice, uniq_erolcha
Abyss:2:  base: D:8, hangedman_abyss_or_decor_lesser_grid

Skill      XL: |  1  2  3  4  5  6  7  8  9 |
---------------+----------------------------+-----
Long Blades    | 4 5 7 8 9 10 11 12 | 12.0
Fighting       | 6 8 9 |  9.5
Armour         | 5 9 |  9.4
Throwing       | |  2.0
Dodging        | |  3.2

Action                     |  1- 3 |  4- 6 |  7- 9 | 10-12 || total
---------------------------+-------+-------+-------+-------++-------
  Melee: Long sword        |   127 |   164 |   135 |       ||   426
         Headbutt          |    19 |    37 |    75 |    14 ||   145
         Punch             |       |     1 |     5 |     1 ||     7
         Falchion          |       |       |   318 |    57 ||   375
 Invoke: Serpent's Lash    |       |       |     3 |     1 ||     4
Ability: Whirlwind         |     7 |    65 |    75 |    10 ||   157
         Lunge             |     1 |    17 |    24 |     4 ||    46
         Wall Jump         |       |       |       |     1 ||     1
    Use: Scroll            |       |       |     9 |     2 ||    11
         Potion            |       |       |     3 |     6 ||     9
 Armour: Leather armour    |    15 |       |       |       ||    15
         Chain mail        |    46 |    70 |   316 |    24 ||   456
         Skin              |       |       |       |     8 ||     8
  Dodge: Dodged            |    66 |    65 |   163 |    19 ||   313
